[Event "*** Titled Tuesday Blitz"]
[Site "Chess.com"]
[Date "2021.04.20"]
[Round "1"]
[White "Ze-Pequeno"]
[Black "manitodeplomo"]
[Result "0-1"]
[WhiteElo "2236"]
[BlackElo "2564"]
[TimeControl "180+1"]
[EndTime "10:01:37 PDT"]
[Termination "manitodeplomo won by resignation"]

1. e4 g6 2. d4 Bg7 3. Nf3 c5 4. c3 cxd4 5. cxd4 d5 6. e5 Nh6 7.
h3 O-O 8. Nc3 Nc6 9. Be2 Bf5 10.
O-O Be4 11. Be3 Nf5 12. Nxe4 dxe4 13. Ng5 Ncxd4 0-1

[Event "*** Titled Tuesday Blitz"]
[Site "Chess.com"]
[Date "2021.04.20"]
[Round "1"]
[White "chessmadara"]
[Black "ukchessbomber"]
[Result "0-1"]
[WhiteElo "2178"]
[BlackElo "2514"]
[TimeControl "180+1"]
[EndTime "10:01:41 PDT"]
[Termination "ukchessbomber won by resignation"]

1. e4 e5 2. Nf3 Nc6 3. d4 exd4 4. Nxd4 Nf6 5. Nxc6 bxc6 6. e5 Qe7 7. Qe2 Nd5 8.
h4 g6 9. c4 Ba6 10. Bg5 Qb4+ 11.
Qd2 Bxc4 12. Qxb4 Bxb4+ 13. Nd2 Bxf1 14. Kxf1 h6 0-1

[Event "*** Titled Tuesday Blitz"]
[Site "Chess.com"]
[Date "2021.04.20"]
[Round "1"]
[White "beautroll"]
[Black "rasmussvane"]
[Result "0-1"]
[WhiteElo "2454"]
[BlackElo "2877"]
[TimeControl "180+1"]
[EndTime "10:02:27 PDT"]
[Termination "rasmussvane won by resignation"]

1. e4 c6 2. d4 d5 3. e5 Bf5 4. h4 h5 5. Bd3 Bxd3 6. Qxd3 Qa5+ 7. Nd2 e6 8. Nf3 Nh6 9. c4 Nf5 10. O-O Be7 11. g3 O-O 12. b3 Rd8 13. Bb2 c5 14.
cxd5 Rxd5 15. Nc4 Qa6 16. Qe4 Nc6 17. dxc5 Bxc5 18. a3 Nxg3 19. Qf4 Ne2+ 0-1

[Event "*** Titled Tuesday Blitz"]
[Site "Chess.com"]
[Date "2021.04.20"]
[Round "1"]
[White "ZAbdumalik"]
[Black "Andrii_Prydun"]
[Result "1-0"]
[WhiteElo "2633"]
[BlackElo "2327"]
[TimeControl "180+1"]
[EndTime "10:02:33 PDT"]
[Termination "ZAbdumalik won by resignation"]

1. e4 d5 2. exd5 Qxd5 3. Nc3 Qd6 4. Nf3 Nf6 5. d4 c6 6. g3 Nbd7 7. Bg2 e6 8. O-O Be7 9. Bf4 Qb4 10. Rb1 O-O 11. a3 Qa5 12. Re1 Nd5 13. Nxd5 cxd5 14. h4 b5 15. h5 h6 16. g4 Nf6 17. Ne5 b4 18. Nc6 1-0

[Event "*** Titled Tuesday Blitz"]
[Site "Chess.com"]
[Date "2021.04.20"]
[Round "1"]
[White "Jenia84"]
[Black "vlad_Sid"]
[Result "1-0"]
[WhiteElo "2391"]
[BlackElo "2672"]
[TimeControl "180+1"]
[EndTime "10:02:38 PDT"]
[Termination "Jenia84 won by resignation"]

1. e4 c6 2. d4 d5 3. exd5 cxd5 4. Bd3 Nc6 5. c3 Qc7 6. Ne2 Bg4 7. Bf4 e5 8. dxe5 Nxe5 9. Bb5+ Bd7 10. Bxd7+ Kxd7 11.
Qxd5+ Kc8 12. Bxe5 Qb6 13. Nd2 Nh6 14. Nc4 Qg6 15.
O-O-O Qg5+ 16. f4 1-0

[Event "*** Titled Tuesday Blitz"]
[Site "Chess.com"]
[Date "2021.04.20"]
[Round "1"]
[White "Mr_Sinigami"]
[Black "joejan"]
[Result "1-0"]
[WhiteElo "2594"]
[BlackElo "2278"]
[TimeControl "180+1"]
[EndTime "10:02:52 PDT"]
[Termination "Mr_Sinigami won by resignation"]

1. d4 Nf6 2. Nf3 e6 3. Bf4 c5 4. e3 b6 5. a4 Bb7 6. c3 Be7 7. h3 O-O 8. Be2 Nc6 9. O-O Rc8 10. Na3 d5 11. Ne5 c4 12. b3 cxb3 13. Nxc6 Bxc6 14. Qxb3 Bb7 15. a5 Ne4 16. Rfc1 Nd2 17. Qb2 Bxa3 18. Rxa3 Nc4 19. Bxc4 Rxc4 20. axb6 Qxb6 21. Rb3 1-0

[Event "*** Titled Tuesday Blitz"]
[Site "Chess.com"]
[Date "2021.04.20"]
[Round "1"]
[White "mishanick"]
[Black "Alohamora11"]
[Result "1-0"]
[WhiteElo "2971"]
[BlackElo "2468"]
[TimeControl "180+1"]
[EndTime "10:02:59 PDT"]
[Termination "mishanick won by resignation"]

1. e4 c5 2. Nf3 g6 3. c3 Bg7 4. d4 cxd4 5. cxd4 d5 6. e5 Bg4 7. Qb3 Bxf3 8. Qxb7 Nd7 9. gxf3 Nb6 10. Nc3 e6 11. Bb5+ Kf8 12. b3 Ne7 13. Ba3 Rc8 14. Na4 Nxa4 15. Bxe7+ 1-0

[Event "*** Titled Tuesday Blitz"]
[Site "Chess.com"]
[Date "2021.04.20"]
[Round "1"]
[White "1977Ivan"]
[Black "ClydeHillKid"]
[Result "0-1"]
[WhiteElo "2725"]
[BlackElo "2426"]
[TimeControl "180+1"]
[EndTime "10:03:06 PDT"]
[Termination "ClydeHillKid won by checkmate"]

1. e4 e6 2. d4 d5 3. exd5 exd5 4. Nf3 Nf6 5. Bd3 Bd6 6. O-O O-O 7. Bg5 Bg4 8. h3 Bh5 9. Re1 Nbd7 10. g4 Bg6 11. Bf1 c5 12. Nc3 Qb6 13. Na4 Qc7 14. dxc5 Nxc5 15. Nc3 Nce4 16. Nb5 Qb6 17. Bxf6 Qxf2+ 18. Kh1 Ng3# 0-1

[Event "*** Titled Tuesday Blitz"]
[Site "Chess.com"]
[Date "2021.04.20"]
[Round "1"]
[White "kuhlmann"]
[Black "Vuk2000"]
[Result "0-1"]
[WhiteElo "2416"]
[BlackElo "2753"]
[TimeControl "180+1"]
[EndTime "10:03:07 PDT"]
[Termination "Vuk2000 won by resignation"]

1. a4 d5 2. g3 e5 3. Bg2 Nf6 4.
d3 Nc6 5. Nd2 Be6 6. e4 Bc5 7.
Ngf3 O-O 8. O-O Qe7 9. c3 a5 10. Ng5 Bg4 11. Bf3 Bxf3 12. Ngxf3 Rad8 13. Qe2 Rfe8 14. Kg2 Rd7 15. exd5 Rxd5 16. Nc4 e4 17. dxe4 Qxe4 18.
Qxe4 Rxe4 19. Be3 Rxc4 0-1

[Event "*** Titled Tuesday Blitz"]
[Site "Chess.com"]
[Date "2021.04.20"]
[Round "1"]
[White "Aslanov_Umid"]
[Black "Salem-AR"]
[Result "0-1"]
[WhiteElo "2465"]
[BlackElo "2964"]
[TimeControl "180+1"]
[EndTime "10:03:17 PDT"]
[Termination "Salem-AR won by resignation"]

1. e4 c6 2. d4 d5 3. Nd2 dxe4 4. Nxe4 Nf6 5. Nxf6+ exf6 6. c3 Qd5 7. Nf3 Bd6 8. Be2 O-O 9. O-O Re8 10. h3 Bc7 11. Re1 Nd7 12. Be3 Nf8 13. Qc2 Bf5 14. Bd3 Bxh3 15. c4 Qh5 16. gxh3 Qxf3 17. Bf5 h5 18. d5 g6 19. Bd3 Qxh3 20. Bxg6 0-1

[Event "*** Titled Tuesday Blitz"]
[Site "Chess.com"]
[Date "2021.04.20"]
[Round "1"]
[White "OlifantCZ"]
[Black "Mikhail_Golubev"]
[Result "0-1"]
[WhiteElo "2244"]
[BlackElo "2570"]
[TimeControl "180+1"]
[EndTime "10:03:20 PDT"]
[Termination "Mikhail_Golubev won by resignation"]

1. c4 g6 2. g3 Bg7 3. Bg2 e5 4. Nc3 Nc6 5. d3 d6 6. e4 f5 7.
Nge2 Nf6 8. O-O O-O 9. Nd5 Be6 10.
Bg5 Qd7 11. Bxf6 Bxf6 12. Nxf6+ Rxf6 13. Nc3 f4 14. Nd5 Bxd5 15. exd5 Nd4 16. Be4 Raf8 17. g4 f3 18. h3 Rf4 19. Kh2 Rxg4 20. hxg4 Qxg4 0-1

[Event "*** Titled Tuesday Blitz"]
[Site "Chess.com"]
[Date "2021.04.20"]
[Round "1"]
[White "Marty435"]
[Black "Cuajada_Zero"]
[Result "1-0"]
[WhiteElo "2618"]
[BlackElo "2318"]
[TimeControl "180+1"]
[EndTime "10:03:31 PDT"]
[Termination "Marty435 won by checkmate"]

1. d4 d5 2. Nf3 Nf6 3. e3 c5 4. Nbd2 Nc6 5. c3 cxd4 6. exd4 g6 7. Bd3 Bg7 8. O-O O-O 9. Re1 Bf5 10. Nf1 a6 11. Bxf5 gxf5 12. Ng3 e6 13. Bg5 Qc7 14.
Bxf6 Bxf6 15. Nh5 Be7 16. Qd2 Kh8 17. Ng5 Bd8 18. h4 Rg8 19. Qf4 Qxf4 20. Nxf7# 1-0

[Event "*** Titled Tuesday Blitz"]
[Site "Chess.com"]
[Date "2021.04.20"]
[Round "1"]
[White "Kobalia"]
[Black "Rozhkov_V"]
[Result "1-0"]
[WhiteElo "2788"]
[BlackElo "2423"]
[TimeControl "180+1"]
[EndTime "10:03:35 PDT"]
[Termination "Kobalia won by resignation"]

1. e4 c5 2. Nf3 d6 3. Bb5+ Nd7 4. c3 a6 5. Ba4 b5 6. Bc2 Bb7 7. O-O e6 8. d4 Qc7 9. Re1 Ngf6 10. Nbd2 Rc8 11.
Bd3 Be7 12. Nf1 e5 13. Ng3 O-O 14. Nf5 Rfe8 15. Nxe7+ Rxe7 16. d5 c4 17. Bc2 Nc5 18. b4 Nd3 19. Bxd3 cxd3 20. Bb2 Qc4 21. Nd2 Qc7 22. Re3 Ng4 23. Qxg4 1-0

[Event "*** Titled Tuesday Blitz"]
[Site "Chess.com"]
[Date "2021.04.20"]
[Round "1"]
[White "CrushingKings"]
[Black "WiktoriaPOL"]
[Result "1-0"]
[WhiteElo "2485"]
[BlackElo "2047"]
[TimeControl "180+1"]
[EndTime "10:03:37 PDT"]
[Termination "CrushingKings won by resignation"]

1. e4 c5 2. d4 cxd4 3. c3 Nf6 4. e5 Nd5 5. Nf3 Nc6 6. Bc4 Nb6 7. Bb3 e6 8. cxd4 d6 9. Qe2 d5 10. Nc3 Be7 11. h4 Bd7 12. h5 h6 13. Rh3 Na5 14. Bc2 Nac4 15. Rg3 Kf8 16. Kf1 Rc8 17. Kg1 a6 18. Nh2 Bb5 19. Qg4 Rg8 20. Bh7 Bg5 21. Bxg8 Kxg8 22. f4 Qe7 23. fxg5 1-0

[Event "*** Titled Tuesday Blitz"]
[Site "Chess.com"]
[Date "2021.04.20"]
[Round "1"]
[White "GelmanAlexander"]
[Black "tusplingher"]
[Result "1-0"]
[WhiteElo "2575"]
[BlackElo "2256"]
[TimeControl "180+1"]
[EndTime "10:03:38 PDT"]
[Termination "GelmanAlexander won by resignation"]

1. d4 Nf6 2. Nc3 d5 3. Bf4 Bf5 4. f3 c5 5. e4 dxe4 6. d5 e6 7. Bb5+ Nbd7 8. fxe4 Nxe4 9. Nxe4 Bxe4 10. dxe6 fxe6 11.
Qe2 Bf5 12. O-O-O Be7 13. Rxd7 Qxd7 14. Bxd7+ Kxd7 15. Nf3 1-0

[Event "*** Titled Tuesday Blitz"]
[Site "Chess.com"]
[Date "2021.04.20"]
[Round "1"]
[White "KonstantinB_1983"]
[Black "RamyresCoelho"]
[Result "0-1"]
[WhiteElo "2499"]
[BlackElo "2207"]
[TimeControl "180+1"]
[EndTime "10:03:38 PDT"]
[Termination "RamyresCoelho won by checkmate"]

1. d4 Nf6 2. c4 g6 3. Nc3 d5 4. cxd5 Nxd5 5. e4 Nxc3 6. bxc3 Bg7 7. Bc4 O-O 8. Ne2 c5 9. h4 cxd4 10. cxd4 Nc6 11. Be3 h5 12. f3 Qc7 13. Rc1 Qa5+ 14. Kf2 e6 15. g4 hxg4 16. h5 gxh5 17. fxg4 hxg4 18. Nf4 g3+ 19. Kg2 Rd8 20. Rh5 Qa3 21.
Rg5 Qxe3 22. Qg4 Qf2+ 23. Kh3 Qh2# 0-1

[Event "*** Titled Tuesday Blitz"]
[Site "Chess.com"]
[Date "2021.04.20"]
[Round "1"]
[White "not_najdorfs_player"]
[Black "Reader777"]
[Result "0-1"]
[WhiteElo "2379"]
[BlackElo "2703"]
[TimeControl "180+1"]
[EndTime "10:03:57 PDT"]
[Termination "Reader777 won by resignation"]

1. e4 c5 2. Nf3 d6 3. d4 cxd4 4. Nxd4 Nf6 5. Nc3 a6 6. Be2 e5 7. Nb3 Be7 8. Bg5 Be6 9. Qd3 Nbd7 10. O-O h6 11. Be3 O-O 12. Rad1 Rc8 13. h3 b5 14. a3 Nb6 15. Nd2 Qc7 16. g4 Rfd8 17. g5 hxg5 18. Bxg5 d5 19. exd5 Nfxd5 20. Nxd5 Nxd5 21. Qg3 Bxg5 22. Qxg5 Nf4 23. Bd3 Nxh3+ 0-1

[Event "*** Titled Tuesday Blitz"]
[Site "Chess.com"]
[Date "2021.04.20"]
[Round "1"]
[White "Aleksey_Sorokin"]
[Black "Rondo_Capriccioso"]
[Result "1-0"]
[WhiteElo "2824"]
[BlackElo "2443"]
[TimeControl "180+1"]
[EndTime "10:04:01 PDT"]
[Termination "Aleksey_Sorokin won by resignation"]

1. d4 Nf6 2. c4 g6 3. Nc3 Bg7 4. e4 d6 5. Nf3 O-O 6. Be2 e5 7. O-O Nc6 8. d5 Ne7 9. b4 Nh5 10. Re1 f5 11. Ng5 Nf4 12. Bf3 h6 13. Ne6 Nxe6 14.
dxe6 f4 15. Bg4 h5 16. Bh3 a5 17. b5 Rf6 18. Nd5 Rxe6 19. Ba3 b6 20. Rc1 Bd7 21. Qd3 Kh7 22. Bxe6 Bxe6 23. Red1 g5 24. Nxc7 Qxc7 25. Qxd6 Ra7 26. Qxe6 1-0

[Event "*** Titled Tuesday Blitz"]
[Site "Chess.com"]
[Date "2021.04.20"]
[Round "1"]
[White "I_Enchev"]
[Black "Andrakhanova"]
[Result "1-0"]
[WhiteElo "2609"]
[BlackElo "2306"]
[TimeControl "180+1"]
[EndTime "10:04:07 PDT"]
[Termination "I_Enchev won by resignation"]

1. e4 c5 2. Nf3 e6 3. b3 Nf6 4. e5 Nd5 5. Bb2 Nc6 6. c4 Nc7 7. d4 cxd4 8. Nxd4 d6 9. Nxc6 bxc6 10. exd6 Qxd6 11. Qxd6 Bxd6 12. Bxg7 Rg8 13. Bc3 a5 14. g3 a4 15. Bg2 Bd7 16. Nd2 axb3 17. axb3 Rxa1+ 18. Bxa1 Bb4 19. Ke2 Ke7 20. Be5 Na6 21. Ra1 Ra8 22. Ne4 Nc7 23. Rxa8 Nxa8 24. Nf6 h6 25.
Ng8+ Kf8 26. Nxh6 Nb6 27. Ng4 f5 28. Nf6 Ke7 29. h4 Nc8 30. h5 Nd6 31. Nxd7 Kxd7 32. h6 1-0

[Event "*** Titled Tuesday Blitz"]
[Site "Chess.com"]
[Date "2021.04.20"]
[Round "1"]
[White "MarcoRiehle"]
[Black "HZMC92"]
[Result "1-0"]
[WhiteElo "2703"]
[BlackElo "2379"]
[TimeControl "180+1"]
[EndTime "10:04:08 PDT"]
[Termination "MarcoRiehle won by resignation"]

1. e4 c5 2. a3 e6 3. b4 cxb4 4. axb4 d6 5. d4 Nf6 6. Bd3 Be7 7. Nf3 O-O 8. O-O b6 9. c4 Bb7 10. Nbd2 Nbd7 11. Bb2 h6 12. Re1 Qc7 13. Nf1 e5 14. d5 Nh7 15. Ng3 g6 16. h4 h5 17.
Bc1 a5 18. b5 Nc5 19. Bf1 Bc8 20. Bh6 Re8 21. Bg5 Bg4 22. Bxe7 Qxe7 23. Be2 Bxf3 24. Bxf3 Qxh4 25. Bxh5 gxh5 26. Nf5 Nxe4 1-0

[Event "*** Titled Tuesday Blitz"]
[Site "Chess.com"]
[Date "2021.04.20"]
[Round "1"]
[White "poneis_malditos"]
[Black "pifion"]
[Result "1-0"]
[WhiteElo "2268"]
[BlackElo "2538"]
[TimeControl "180+1"]
[EndTime "10:04:08 PDT"]
[Termination "poneis_malditos won on time"]

1. e4 e6 2. d4 d5 3. Nd2 Nf6 4. e5 Nfd7 5. c3 c5 6. f4 Nc6 7.
Ndf3 cxd4 8. cxd4 a5 9. g3 a4 10. Bd3 Nb6 11. Ne2 a3 12. b3 Nb4 13. Bb1 Bd7 14. O-O g6 15. g4 h5 16. f5 hxg4 17.
fxe6 Bxe6 18. Ng5 Qd7 19. Nxe6 Qxe6 20. Rf6 1-0

[Event "*** Titled Tuesday Blitz"]
[Site "Chess.com"]
[Date "2021.04.20"]
[Round "1"]
[White "enriquebutti"]
[Black "Sergey85Rodchenkov"]
[Result "0-1"]
[WhiteElo "2064"]
[BlackElo "2496"]
[TimeControl "180+1"]
[EndTime "10:04:12 PDT"]
[Termination "Sergey85Rodchenkov won by resignation"]

1. d4 Nf6 2. Nf3 b6 3. e3 Bb7 4. Bd3 g6 5. O-O Bg7 6. c3 O-O 7. Nbd2 d6 8. e4 Nbd7 9. Re1 e5 10. Nf1 Re8 11. Ng3 d5 12. Bg5 h6 13. Bxf6 Qxf6 14.
exd5 Bxd5 15. Be4 Bxe4 16. Nxe4 Qc6 17. d5 Qb7 18. c4 f5 19. Nc3 Rad8 20. Qd2 Kh7 21.
Re2 c6 22. Rae1 e4 23. Nd4 cxd5 24. Nxd5 Ne5 25. b3 Nd3 26. Rd1 Bxd4 0-1

[Event "*** Titled Tuesday Blitz"]
[Site "Chess.com"]
[Date "2021.04.20"]
[Round "1"]
[White "Slovak_fighter2000"]
[Black "TigrVShlyape"]
[Result "0-1"]
[WhiteElo "2443"]
[BlackElo "2824"]
[TimeControl "180+1"]
[EndTime "10:04:13 PDT"]
[Termination "TigrVShlyape won by resignation"]

1. d3 c5 2. Nf3 Nc6 3. g3 g6 4. Bg2 Bg7 5. O-O d6 6. c4 e6 7. Nc3 Nge7 8. a3 O-O 9. Bd2 b6 10. Rb1 Bb7 11. b4 Qd7 12. e3 Rad8 13. Qe2 h6 14. h3 Ba8 15. Kh2 Kh7 16. Rfc1 f5 17. Ne1 Ne5 18. f4 Bxg2 19. Kxg2 N5c6 20. Nf3 e5 21. e4 fxe4 22. dxe4 Nd4 23. Nxd4 exd4 24.
Nd5 Nxd5 25. cxd5 Rfe8 26. Qd3 Rc8 27. b5 Qe7 28. Kf3 c4 29. Re1 0-1

[Event "*** Titled Tuesday Blitz"]
[Site "Chess.com"]
[Date "2021.04.20"]
[Round "1"]
[White "OriTaichman"]
[Black "AndreyNeves"]
[Result "1-0"]
[WhiteElo "2559"]
[BlackElo "2225"]
[TimeControl "180+1"]
[EndTime "10:04:16 PDT"]
[Termination "OriTaichman won by resignation"]

1. e4 e5 2. d4 exd4 3. Qxd4 Nc6 4. Qe3 Nf6 5. Nc3 Bb4 6. Bd2 O-O 7. O-O-O Re8 8. Qg3 Nxe4 9. Nxe4 Rxe4 10. c3 Bd6 11. f4 Qf6 12. Nh3 a5 13. Bd3 Ra4 14. Rde1 Rxa2 15.
Re8+ Bf8 16. Ng5 g6 17. Kb1 Nb4 18. Rxf8+ Kg7 19. Rxf7+ 1-0

[Event "*** Titled Tuesday Blitz"]
[Site "Chess.com"]
[Date "2021.04.20"]
[Round "1"]
[White "FGHSMN"]
[Black "jraosam"]
[Result "1-0"]
[WhiteElo "2478"]
[BlackElo "1887"]
[TimeControl "180+1"]
[EndTime "10:04:17 PDT"]
[Termination "FGHSMN won by resignation"]

1. e4 c5 2. Nf3 d6 3. d4 cxd4 4. Nxd4 Nf6 5. Nc3 g6 6. Be3 Bg7 7. Be2 Nc6 8. O-O Bd7 9. Qd2 Ng4 10. Bxg4 Bxg4 11. f3 Bd7 12. Rad1 O-O 13. Nd5 Re8 14. c4 Ne5 15. b3 e6 16. Nc3 Qc7 17. Ndb5 Qa5 18.
Nxd6 Reb8 19. Ncb5 Qxd2 20. Rxd2 Bxb5 21. Nxb5 a5 22.
Nc7 Rd8 23. Nxa8 1-0

[Event "*** Titled Tuesday Blitz"]
[Site "Chess.com"]
[Date "2021.04.20"]
[Round "1"]
[White "ChelsieMonica"]
[Black "Raja3401"]
[Result "0-1"]
[WhiteElo "2412"]
[BlackElo "2749"]
[TimeControl "180+1"]
[EndTime "10:04:23 PDT"]
[Termination "Raja3401 won by checkmate"]

1. c4 Nf6 2. Nc3 e5 3. g3 Bb4 4.
Bg2 O-O 5. Nf3 e4 6. Nd4 Re8 7.
O-O Nc6 8. Nxc6 dxc6 9. a3 Bc5 10. b4 Bd4 11. Bb2 Bg4 12. h3 Bh5 13. g4 Bxg4 14.
hxg4 Nxg4 15. e3 Qh4 16. Re1 Qxf2+ 17. Kh1 Qg3 18. Kg1 Re6 19. exd4 Qf2+ 20. Kh1 Rh6+ 21. Bh3 Qh2# 0-1

[Event "*** Titled Tuesday Blitz"]
[Site "Chess.com"]
[Date "2021.04.20"]
[Round "1"]
[White "emperor87"]
[Black "McCarthyStone"]
[Result "1-0"]
[WhiteElo "2678"]
[BlackElo "2372"]
[TimeControl "180+1"]
[EndTime "10:04:29 PDT"]
[Termination "emperor87 won by resignation"]

1. d4 d5 2. Nf3 Nc6 3. g3 Bg4 4. Bg2 Qd7 5. c4 e6 6. Nc3 O-O-O 7. O-O f6 8. Qa4 Kb8 9. cxd5 exd5 10. b4 Bxf3 11. exf3 Nxd4 12. b5 Bc5 13. Rd1 Ne7 14. Rxd4 Bxd4 15. Qxd4 h5 16. Be3 b6 17. Rd1 Nf5 18. Qd3 d4 19. f4 Kc8 20. Qe4 1-0

[Event "*** Titled Tuesday Blitz"]
[Site "Chess.com"]
[Date "2021.04.20"]
[Round "1"]
[White "buhomurciano"]
[Black "Lion-Al-Messi"]
[Result "1-0"]
[WhiteElo "2220"]
[BlackElo "2500"]
[TimeControl "180+1"]
[EndTime "10:04:32 PDT"]
[Termination "buhomurciano won by checkmate"]

1. e4 e6 2. d4 d5 3. Nd2 c5 4.
exd5 Qxd5 5. Ngf3 cxd4 6. Bc4 Qd6 7. O-O Nf6 8. Nb3 Nc6 9. Nbxd4 Nxd4 10. Nxd4 Be7 11.
Re1 O-O 12. c3 a6 13. Qf3 Qc5 14. Bb3 e5 15. Nf5 e4 16. Nxe7+ Qxe7 17. Bg5 Qc5 18. Qg3 Nh5 19. Qh4 h6 20. Be7 Qf5 21. Bxf8 Kxf8 22.
Qd8# 1-0

[Event "*** Titled Tuesday Blitz"]
[Site "Chess.com"]
[Date "2021.04.20"]
[Round "1"]
[White "volkanyirik"]
[Black "PavelShkapenko"]
[Result "0-1"]
[WhiteElo "2401"]
[BlackElo "2720"]
[TimeControl "180+1"]
[EndTime "10:04:44 PDT"]
[Termination "PavelShkapenko won by resignation"]

1. e4 e5 2. Nc3 Nf6 3. Nf3 Nc6 4. d4 Bb4 5. d5 Bxc3+ 6. bxc3 Nb8 7. Bd3 d6 8. h3 O-O 9. c4 Nbd7 10. Bg5 h6 11. Bh4 g5 12. Bg3 Nc5 13. Qe2 Nh5 14. Nd2 Nf4 15. Bxf4 exf4 16. f3 Qf6 17. O-O Nd7 18.
Nb3 a5 19. a4 b6 20. Qf2 Ne5 21. Nd4 Bd7 22. Rfd1 Kh8 23. Bf1 Rg8 24. Kh2 Rg7 25.
Nf5 Bxf5 26. exf5 Qxf5 27. Bd3 Qf6 28. Re1 h5 29. Rad1 g4 30. fxg4 hxg4 31. Kh1 Qh6 32. Rf1 gxh3 33. gxh3 Qxh3+ 34. Qh2 Qxh2+ 35. Kxh2 Ng4+ 36. Kh3 Ne3 0-1

[Event "*** Titled Tuesday Blitz"]
[Site "Chess.com"]
[Date "2021.04.20"]
[Round "1"]
[White "chessdiamant"]
[Black "Ermito2020"]
[Result "1-0"]
[WhiteElo "2326"]
[BlackElo "2594"]
[TimeControl "180+1"]
[EndTime "10:04:48 PDT"]
[Termination "chessdiamant won by resignation"]

1. e4 c5 2. Nf3 d6 3. Bb5+ Nd7 4. c3 a6 5. Ba4 b5 6. Bc2 c4 7. Qe2 Ngf6 8. b3 cxb3 9. axb3 Bb7 10. d4 e5 11. d5 Be7 12. O-O O-O 13. Re1 Rc8 14.
Bb2 Nh5 15. g3 g6 16. Nbd2 Ng7 17. Kg2 f5 18. h4 fxe4 19. Bxe4 Nf6 20. c4 bxc4 21.
bxc4 Rb8 22. Bc3 Qc8 23. Rab1 Nxe4 24. Qxe4 Qf5 25. Rb6 Bd8 26. Rxd6 Bc7 27. Qxf5 gxf5 28. Rd7 e4 29. Rxg7+ 1-0

[Event "*** Titled Tuesday Blitz"]
[Site "Chess.com"]
[Date "2021.04.20"]
[Round "1"]
[White "CSB7"]
[Black "JoliyRoger"]
[Result "1-0"]
[WhiteElo "2752"]
[BlackElo "2415"]
[TimeControl "180+1"]
[EndTime "10:04:52 PDT"]
[Termination "CSB7 won by resignation"]

1. d4 Nf6 2. c4 e6 3. g3 c5 4. Nf3 cxd4 5. Nxd4 Nc6 6. Bg2 Be7 7. O-O O-O 8. Nc3 Ne5 9. b3 d6 10. Bb2 a6 11. h3 Qc7 12. f4 Ng6 13. e4 Rb8 14. Rc1 Re8 15. Kh2 Bf8 16. Qe2 b6 17. e5 dxe5 18. fxe5 Nxe5 19. Ncb5 Qc5 20. Ba3 Neg4+ 21. hxg4 Qg5 22. Bxf8 axb5 23. Bd6 Nxg4+ 24. Kg1 Qh5 25. Bf3 f5 26. Bxb8 e5 27. Nxb5 e4 28. Bxg4 fxg4 1-0

[Event "*** Titled Tuesday Blitz"]
[Site "Chess.com"]
[Date "2021.04.20"]
[Round "1"]
[White "Nils_03"]
[Black "anon102030"]
[Result "0-1"]
[WhiteElo "2406"]
[BlackElo "2732"]
[TimeControl "180+1"]
[EndTime "10:04:54 PDT"]
[Termination "anon102030 won by resignation"]

1. d4 Nf6 2. c4 e5 3. dxe5 Ng4 4.
Nf3 Nc6 5. e3 Ngxe5 6. Be2 Bb4+ 7. Bd2 Bxd2+ 8. Nbxd2 O-O 9. O-O d6 10. Rc1 Be6 11. Nd4 Nxd4 12. exd4 Ng6 13. Bf3 d5 14. cxd5 Bxd5 15. Bxd5 Qxd5 16. Rxc7 Qxd4 17. Qc2 Rad8 18. Nf3 Qd5 19. Qc4 Qxc4 20. Rxc4 Rfe8 21. h4 Re7 22. h5 Nf8 23. Rfc1 f6 24. g4 Red7 25.
Kg2 Kf7 26. Kg3 Ne6 27. a4 Rd3 28. R1c3 Ng5 29. Rxd3 Rxd3 30. Rc3 Ne4+ 0-1

[Event "*** Titled Tuesday Blitz"]
[Site "Chess.com"]
[Date "2021.04.20"]
[Round "1"]
[White "AungTZ"]
[Black "DamianoLew95"]
[Result "0-1"]
[WhiteElo "2134"]
[BlackElo "2506"]
[TimeControl "180+1"]
[EndTime "10:04:54 PDT"]
[Termination "DamianoLew95 won by resignation"]

1. e4 c5 2. Nf3 d6 3. Bb5+ Bd7 4. Bxd7+ Nxd7 5. O-O Ngf6 6. Re1 e6 7. c3 Be7 8. d4 cxd4 9. cxd4 d5 10. e5 Ne4 11.
Nbd2 Nxd2 12. Bxd2 O-O 13. Rc1 Qb6 14. Bc3 Rac8 15.
Qd2 Qa6 16. b3 Ba3 17. Rc2 h6 18. g4 Rfe8 19. g5 h5 20. g6 fxg6 21. Kh1 Rf8 22. Ng5 Rf5 23. Rg1 Rcf8 24. Qe3 Be7 25. f3 Bxg5 26. Rxg5 Rxg5 27. Qxg5 Qf1+ 28. Qg1 Qxf3+ 29. Rg2 Qxc3 30. Rxg6 Qf3+ 0-1

[Event "*** Titled Tuesday Blitz"]
[Site "Chess.com"]
[Date "2021.04.20"]
[Round "1"]
[White "NicoChasin"]
[Black "GUST_b"]
[Result "1-0"]
[WhiteElo "2692"]
[BlackElo "2375"]
[TimeControl "180+1"]
[EndTime "10:04:57 PDT"]
[Termination "NicoChasin won by resignation"]

1. e4 c5 2. Nf3 Nc6 3. d4 cxd4 4. Nxd4 g6 5. Nxc6 bxc6 6. Qd4 Nf6 7. e5 Nd5 8. Nc3 Nxc3 9. Qxc3 Bg7 10. Bf4 O-O 11.
O-O-O Qb6 12. Be3 Qc7 13. Bd4 f6 14. exf6 Bxf6 15. Bxf6 Rxf6 16. f3 d6 17. Bc4+ Kg7 18. Rhe1 e5 19. g3 Bf5 20. Bd5 Rc8 21. Bb3 Qb6 22.
f4 e4 23. Rxd6 Rf8 24. Rxf6 Rxf6 25. Qe3 Qa5 26. c3 Rd6 27. g4 Bxg4 28. Qxe4 Re6 29.
Bxe6 1-0

[Event "*** Titled Tuesday Blitz"]
[Site "Chess.com"]
[Date "2021.04.20"]
[Round "1"]
[White "ajedrez1101"]
[Black "Rhemmy"]
[Result "0-1"]
[WhiteElo "2148"]
[BlackElo "2520"]
[TimeControl "180+1"]
[EndTime "10:05:05 PDT"]
[Termination "Rhemmy won by resignation"]

1. b3 Nf6 2. Bb2 d6 3. Bxf6 exf6 4. c4 Nd7 5. Nc3 g6 6. g3 Bg7 7. Bg2 f5 8. e3 O-O 9. Nge2 c6 10. O-O Re8 11. d4 a6 12. a3 Rb8 13. b4 Qc7 14.
Qd3 b5 15. cxb5 axb5 16. d5 Ne5 17. Qd1 c5 18. bxc5 Qxc5 19. Rb1 Nc4 20. Rb3 Bd7 21. Qc1 Bh6 22. Nf4 Rec8 23. Nd3 Qa7 24. Nb4 Nxe3 25. Re1 Nxg2 0-1

[Event "*** Titled Tuesday Blitz"]
[Site "Chess.com"]
[Date "2021.04.20"]
[Round "1"]
[White "RD4ever"]
[Black "IANOV0007"]
[Result "1-0"]
[WhiteElo "2872"]
[BlackElo "2453"]
[TimeControl "180+1"]
[EndTime "10:05:06 PDT"]
[Termination "RD4ever won by resignation"]

1. d4 d6 2. e4 Nf6 3. Nc3 c6 4. f4 Qb6 5. e5 Nd5 6. Bc4 Nxc3 7.
bxc3 d5 8. Bd3 g6 9. Nf3 Bg4 10. h3 Bxf3 11. Qxf3 e6 12. g4 h5 13. f5 hxg4 14. hxg4 Rxh1+ 15. Qxh1 gxf5 16. gxf5 Nd7 17. Bg5 Qa5 18. Kd2 exf5 19. e6 Nb6 20. Qh5 1-0